 Dungeon Crawl Stone Soup version 0.26-a0-835-g8259106e14 (webtiles) character file.

Game seed: 4206498277685737382

26 ringo67 the Skirmisher (level 3, -3/31 HPs)
             Began as a Ghoul Fighter on Nov 17, 2020.
             Slain by an adder (4 damage)
             ... on level 2 of the Dungeon.
             The game lasted 00:02:00 (752 turns).

ringo67 the Skirmisher (Ghoul Fighter)               Turns: 752, Time: 00:02:00

Health: -3/31      AC:  9    Str: 20    XL:     3   Next: 8%
Magic:  2/2        EV:  5    Int:  3    God:
Gold:   67         SH:  8    Dex:  8    Spells: 2/2 levels left

rFire    + . .     SeeInvis .   a - +0 flail
rCold    + + .     Faith    .   c - +0 kite shield
rNeg     + + +     Spirit   .   f - +0 chain mail
rPois    ∞         Reflect  .   (no helmet)
rElec    .         Harm     .   i - scarf {rC+ rF+}
rCorr    .         Rampage  .   (no gloves)
MR       .....                  (no boots)
Stlth    ..........             k - amulet of inaccuracy (curse)
HPRegen  0.00/turn              (no ring)
MPRegen  0.08/turn              (no ring)

@: mighty
A: rotting body, claws 1, cold resistance 1, negative energy resistance 3,
inhibited regeneration, torment resistance, unbreathing
a: no special abilities


You were on level 2 of the Dungeon.
You visited 1 branch of the dungeon, and saw 2 of its levels.

You collected 67 gold pieces.

Inventory:

Hand Weapons
 a - a +0 flail (weapon)
Armour
 b - a +0 scale mail
 c - a +0 kite shield (worn)
 f - a +0 chain mail (worn)
 i - a scarf of resistance (worn)
Jewellery
 k - a cursed amulet of inaccuracy (around neck)
Scrolls
 h - a scroll of teleportation {unknown}
 j - a scroll of identify {unknown}
 l - a scroll of enchant weapon {unknown}
 m - a scroll of remove curse {unknown}
Potions
 d - a potion of might
 e - a potion of berserk rage {unknown}
 g - a potion of resistance {unknown}
 n - 2 potions of magic {unknown}


   Skills:
 + Level 3.6 Fighting
 * Level 2.4 Maces & Flails
 + Level 2.9 Armour
 + Level 2.9 Shields


You had 2 spell levels left.
You didn't know any spells.
Your spell library was empty.

Dungeon Overview and Level Annotations

Branches:
Dungeon (2/15)

Altars:


Innate Abilities, Weirdness & Mutations

Your body is rotting away.
You thrive by killing the living.
You are immune to poison.
You have sharp fingernails.
Your flesh is cold resistant. (rC+)
You are immune to negative energy. (rN+++)
You do not regenerate when monsters are visible.
You are immune to unholy pain and torment.
You can survive without breathing.


Message History

The adder is severely wounded.
The adder bites you but does no damage. The adder barely misses you.
You barely miss the adder.
The adder is severely wounded.
The adder bites you.
* * * LOW HITPOINT WARNING * * *
You block the adder's attack.
You miss the adder.
The adder is severely wounded.
The adder barely misses you.
Your shield and chain mail prevent you from hitting the adder.
The adder is severely wounded.
The adder bites you but does no damage. You block the adder's attack.
You miss the adder.
The adder is severely wounded.
The adder bites you but does no damage. x2
You closely miss the adder.
The adder is severely wounded.
The adder bites you.
You die...

#........#
#########........#
#.......#........#
#.......#........#
#.......#........#
........#........#
#........S.......#
#.......####S#####
##.####@# #..#
#S###.########
###S>..S##.....##
#...............##
...............[....#
..##................#
. #................#
###................#
.....................#


You could see 2 adders.

Vanquished Creatures
  An adder (D:2)
  A dart slug (D:1)
  A bat (D:1)
  2 giant cockroaches
  2 goblins
  A hobgoblin (D:1)
  3 frilled lizards (D:1)
  5 rats
16 creatures vanquished.

Notes
Turn   | Place    | Note
-------+----------+-------------------------------------------
     0 | D:1      | ringo67 the Ghoul Fighter began the quest for the Orb.
     0 | D:1      | Reached XP level 1. HP: 19/19 MP: 0/0
   336 | D:1      | Reached XP level 2. HP: 26/26 MP: 1/1
   630 | D:2      | Reached XP level 3. HP: 30/31 MP: 2/2
   748 | D:2      | HP: 1/31 [adder (3)]
   752 | D:2      | Slain by an adder

Illustrated notes

Levels and vault maps discovered:
D:1:      dpeg_arrival_fog, layout_loops_ring, minmay_misc_feat_four_crosses
D:2:      layout_rooms, nicolae_ashenzari_panopticon,
          gammafunk_temple_overflow_claw, elyvilon_altar_1

Skill      XL: |  1 |
---------------+----+-----
Maces & Flails | 2 |  2.4
Fighting       | |  3.6
Armour         | |  2.9
Shields        | |  2.9

Action                   || total
-------------------------++-------
Melee: Flail             ||    84
  Use: Potion            ||     1
Armor: Chain mail        ||    48
       Scale mail        ||     3
Dodge: Dodged            ||    22
Block: Kite shield       ||    49

Table legend: (Time is in decaauts)
 A = Elapsed time spent in this place.
 B = Non-inter-level travel time spent in this place.
 C = Inter-level travel time spent in this place.
 D = Time resting spent in this place.
 E = Time spent auto-exploring this place.
 F = Levels seen in this place.
 G = Mean time per level.
                   A        B        C        D        E       F      G
               +--------+--------+--------+--------+--------+-----+--------+
         Total |    782 |    768 |     14 |      0 |    533 |   2 |  391.0 |
       Dungeon |    782 |    768 |     14 |      0 |    533 |   2 |  391.0 |
               +--------+--------+--------+--------+--------+-----+--------+

Top non-repeatable levels by time:
     D:1: 630 daAuts
     D:2: 152 daAuts
